 Dungeon Crawl Stone Soup version 0.26-a0-1181-gd376ed14c5 (webtiles) character file.

Game seed: 5148206332424253984

323 Azzok the Chopper (level 6, 48/48 HPs)
             Began as a Demonspawn Berserker on Dec 26, 2020.
             Was a Believer of Trog.
             Quit the game on level 4 of the Dungeon.
             The game lasted 00:02:13 (2277 turns).

Azzok the Chopper (Demonspawn Berserker)            Turns: 2277, Time: 00:02:13

Health: 48/48      AC:  5    Str: 19    XL:     6   Next: 23%
Magic:  6/6        EV: 12    Int:  8    God:    Trog [**....]
Gold:   43         SH:  0    Dex: 13    Spells: 5/5 levels left

rFire    . . .     SeeInvis +   m - +0 battleaxe
rCold    . . .     Faith    .   (shield currently unavailable)
rNeg     . . .     Spirit   +   e - +0 ring mail
rPois    .         Reflect  .   (helmet unavailable)
rElec    .         Harm     .   (no cloak)
rCorr    .         Rampage  .   (no gloves)
Will     .....                  (no boots)
Stlth    +.........             (no amulet)
HPRegen  0.16/turn              d - ring of see invisible
MPRegen  0.10/turn              (no ring)

@: berserk cooldown, slowed, very slow
A: antennae 3, magic shield
a: Renounce Religion, Berserk, Trog's Hand


You were on level 4 of the Dungeon.
You worshipped Trog.
Trog was pleased with you.
You visited 1 branch of the dungeon, and saw 4 of its levels.

You collected 43 gold pieces.

Inventory:

Hand Weapons
 a - a +0 hand axe
 m - a +0 battleaxe (weapon)
Armour
 e - a +0 ring mail (worn)
Jewellery
 d - a ring of see invisible (left hand)
 i - a +4 ring of evasion {unknown}
Wands
 k - a wand of flame (10)
Scrolls
 c - 3 scrolls of identify {unknown}
 h - 2 scrolls of enchant weapon {unknown}
 j - a scroll of amnesia {unknown}
 l - a scroll of teleportation {unknown}
 n - a scroll of immolation {unknown}
 o - a scroll of enchant armour {unknown}
Potions
 b - a potion of attraction {unknown}
 f - 3 potions of lignification {unknown}
 g - 2 potions of cancellation {unknown}


   Skills:
 - Level 4.1 Fighting
 + Level 4.4 Axes
 - Level 3.1 Armour
 - Level 3.1 Dodging


You had 5 spell levels left.
You didn't know any spells.
Your spell library was empty.

Dungeon Overview and Level Annotations

Branches:
Dungeon (3/15)

Altars:
Nemelex Xobeh
Vehumet

Annotations:
D:3 2 transporters, kae's ghost, amateur DsMo


Innate Abilities, Weirdness & Mutations

You have a pair of large antennae on your head. (SInv)
When hurt, damage is shared between your health and your magic reserves.


Message History

You slice the ogre!!
You kill the ogre!
Trog accepts your kill.
Your Axes skill increases to level 4!
You have reached level 6!
Your experience leads to an increase in your attributes!
Increase (S)trength, (I)ntelligence, or (D)exterity?
You feel stronger.
Your demonic ancestry asserts itself...
You feel your magical essence form a protective shroud around your flesh.
You start waiting.
You feel a strong urge to attack something.
You start waiting.
You are no longer berserk.
You are exhausted.
You feel yourself slow down.
You start waiting.
You sense a monster nearby.
You start waiting.
A giant cockroach comes into view.
Are you sure you want to abandon this character and quit the game? (Confirm with "yes".) ·♣ P· ♣·♣ P♣·· P·♣ ♣♣ PP·

· ·PP♣·♣♣♣P·♣··
♣·♣··♣P♣···· P·
♣P···♣··PP ···
♣····P♣ ♣♣♣P· ♣@▒·▒
♣·PP♣ ▒▒)·▒ ·♣··♣
▒▒·▒▒▒···▒▒▒▒▒
▒······▒▒···▒▒▒
▒▒▒▒·B···▒·······
▒················
········▒▒·········
····▒▒▒▒▒▒·········
▒··▒ ▒▒·········


You could see a giant cockroach (wandering).

Vanquished Creatures
  Sigmund (D:2)
  An ogre (D:4)
  2 adders (D:2)
  An ooze (D:2)
  A worm (D:2)
  3 dart slugs
  A leopard gecko (D:1)
  An orc (D:3)
  5 bats
  5 giant cockroaches
  9 goblins
  5 hobgoblins
  5 kobolds (D:1)
  A quokka (D:4)
  A ball python (D:2)
  5 rats
47 creatures vanquished.

Vanquished Creatures (others)
  4 plants
4 creatures vanquished.

Grand Total: 51 creatures vanquished

Notes
Turn   | Place    | Note
-------+----------+-------------------------------------------
     0 | D:1      | Azzok the Demonspawn Berserker began the quest for the Orb.
     0 | D:1      | Reached XP level 1. HP: 18/18 MP: 1/1
     2 | D:1      | You fall into a shaft and drop 1 floor!
    99 | D:1      | Gained mutation: You have a pair of small antennae on your
                  | head. [demonic ancestry]
    99 | D:1      | Reached XP level 2. HP: 24/24 MP: 2/2
   565 | D:1      | Gained mutation: You have a pair of antennae on your head.
                  | [demonic ancestry]
   565 | D:1      | Reached XP level 3. HP: 29/29 MP: 3/3
  1262 | D:2      | Found a faded altar of an unknown god.
  1272 | D:2      | Reached ** piety under Trog
  1531 | D:2      | Noticed Sigmund
  1544 | D:2      | Killed Sigmund
  1545 | D:2      | Gained mutation: You have a pair of large antennae on your
                  | head. (SInv) [demonic ancestry]
  1545 | D:2      | Reached XP level 4. HP: 37/37 MP: 4/4
  1545 | D:2      | Reached XP level 5. HP: 42/42 MP: 5/5
  2081 | D:3      | Found a radiant altar of Vehumet.
  2198 | D:3      | Found a sparkling altar of Nemelex Xobeh.
  2201 | D:3      | Found a transporter.
  2201 | D:3      | Noticed kae's ghost (amateur DsMo)
  2213 | D:3      | Found a transporter.
  2242 | D:3      | You fall into a shaft and drop 1 floor!
  2251 | D:4      | Noticed an ogre
  2266 | D:4      | Killed an ogre
  2267 | D:4      | Gained mutation: When hurt, damage is shared between your
                  | health and your magic reserves. [demonic ancestry]
  2267 | D:4      | Reached XP level 6. HP: 48/48 MP: 6/6
  2277 | D:4      | Quit the game

Illustrated notes

Levels and vault maps discovered:
D:1:      tarquinn_simple_flora_water_f, layout_basic
D:2:      layout_basic, chequers_ecumenical_altar_island, uniq_sigmund
D:3:      layout_loops_cross, fiery_altar_vehumet,
          nicolae_overflow_crystal_walls, nemelex_xobeh_ov_fountains_minmay,
          kiku_gazebo_pond_becter, general_overflow_altar, lemuel_crystal_altar,
          gammafunk_ghost_stat_death, grunt_ministairs_2, uniq_terence,
          uniq_robin, uniq_crazy_yiuf_cottage
D:4:      wad_woods_stonehenge, layout_cave_pods, tso_metal_star,
          minmay_temple_entry_hall

Skill      XL: |  1  2  3  4  5 |
---------------+----------------+-----
Armour         | 2 3 |  3.1
Dodging        | 2 3 |  3.1
Axes           | 3 4 |  4.4
Fighting       | 4 |  4.1

Action                   |  1- 3 |  4- 6 || total
-------------------------+-------+-------++-------
Melee: Hand axe          |    87 |    34 ||   121
       Battleaxe         |       |    16 ||    16
Invok: Berserk           |     1 |     1 ||     2
 Stab: Sleeping          |     1 |       ||     1
Armor: Animal skin       |     3 |       ||     3
       Ring mail         |    13 |    28 ||    41
Dodge: Dodged            |    57 |    36 ||    93

Table legend: (Time is in decaauts)
 A = Elapsed time spent in this place.
 B = Non-inter-level travel time spent in this place.
 C = Inter-level travel time spent in this place.
 D = Time resting spent in this place.
 E = Time spent auto-exploring this place.
 F = Levels seen in this place.
 G = Mean time per level.
                   A        B        C        D        E       F      G
               +--------+--------+--------+--------+--------+-----+--------+
         Total |   2309 |   2259 |     50 |    224 |   1639 |   4 |  577.2 |
       Dungeon |   2309 |   2259 |     50 |    224 |   1639 |   4 |  577.2 |
               +--------+--------+--------+--------+--------+-----+--------+

Top non-repeatable levels by time:
     D:1: 1073 daAuts
     D:2: 1027 daAuts
     D:3: 167 daAuts
     D:4: 41 daAuts
